| TOP OF THE 1ST |
|
Victoria Capitals batting - Pitching for Joplin Blasters : RHP Mike Valdez
|
|
Pitching: RHP Mike Valdez
|
|
|
Batting: SHB Raghnall Ahearne
|
0-0: Called Strike 0-1: Foul Ball, location: 2F 0-2: Strikes out swinging
|
|
Batting: RHB Victor Ramirez
|
0-0: Foul Ball, location: 2F 0-1: Foul Ball, location: 2F 0-2: Ball 1-2: SINGLE (Line Drive, 34D, EV 102.5 MPH)
|
|
Batting: RHB Chris Skaff
|
0-0: Called Strike 0-1: SINGLE (Groundball, 56D, EV 103.8 MPH) Victor Ramirez to second
|
|
Batting: LHB Chris Jackson
|
0-0: Ball 1-0: Foul Ball, location: 2F 1-1: Ball 2-1: Ball 3-1: Base on Balls Victor Ramirez to third Chris Skaff to second
|
|
Batting: RHB Jose Zuniga
|
0-0: Ball 1-0: Ball 2-0: Called Strike 2-1: Ball 3-1: Foul Ball, location: 2F 3-2: Strikes out swinging
|
|
Batting: LHB William Gonzales
|
0-0: Ball 1-0: Ball 2-0: Called Strike 2-1: Ball 3-1: Base on Balls Victor Ramirez scores Chris Skaff to third Chris Jackson to second
|
|
Batting: RHB Ricky Ramirez
|
0-0: Fielders Choice at 2nd, 5-4 (Groundball, 56, EV 93.1 MPH)
|
| Top of the 1st over - 1 run, 2 hits, 0 errors, 3 left on base; Victoria 1 - Joplin 0 |
| BOTTOM OF THE 1ST |
|
Joplin Blasters batting - Pitching for Victoria Capitals : RHP Terry Jeffrey
|
|
Pitching: RHP Terry Jeffrey
|
|
|
Batting: RHB Kazuki Arai
|
0-0: Ball 1-0: Swinging Strike 1-1: Foul Ball, location: 2F 1-2: Ball 2-2: Ball 3-2: Ground out 6-3 (Groundball, 6, EV 81.2 MPH)
|
|
Batting: RHB Mike Bearden
|
0-0: Foul Ball, location: 2F 0-1: Fly out, F9 (Flyball, 9D, EV 107.5 MPH)
|
|
Batting: LHB Jim Haggart
|
0-0: Foul Ball, location: 2F 0-1: Foul Ball, location: 2F 0-2: Ball 1-2: Strikes out swinging
|
| Bottom of the 1st over - 0 runs, 0 hits, 0 errors, 0 left on base; Victoria 1 - Joplin 0 |
| TOP OF THE 2ND |
|
Victoria Capitals batting - Pitching for Joplin Blasters : RHP Mike Valdez
|
|
Batting: RHB Eddie Luna
|
0-0: Ball 1-0: Reached on error, E5 (Groundball, 56, EV 99.4 MPH)
|
|
Batting: RHB Ziven Badersky
|
0-0: Called Strike 0-1: Ball 1-1: Ball 2-1: Called Strike 2-2: Ground out U3 (Groundball, 34S, EV 93.8 MPH) Eddie Luna to third
|
|
Batting: SHB Raghnall Ahearne
|
0-0: Ball 1-0: Ball 2-0: Foul Ball, location: 2F 2-1: Foul Ball, location: 2F 2-2: Foul Ball, location: 2F 2-2: Strikes out swinging
|
|
Batting: RHB Victor Ramirez
|
0-0: Called Strike 0-1: Called Strike 0-2: Ball 1-2: Strikes out swinging
|
| Top of the 2nd over - 0 runs, 0 hits, 1 error, 1 left on base; Victoria 1 - Joplin 0 |
| BOTTOM OF THE 2ND |
|
Joplin Blasters batting - Pitching for Victoria Capitals : RHP Terry Jeffrey
|
|
Batting: RHB Paul Gibbens
|
0-0: Ball 1-0: Ground out 4-3 (Groundball, 4, EV 100.6 MPH)
|
|
Batting: RHB Jerry Yusko
|
0-0: Called Strike 0-1: Foul Ball, location: 2F 0-2: Strikes out looking
|
|
Batting: RHB Oscar Cisneros
|
0-0: Fly out, F9 (Flyball, 9LMF, EV 83.8 MPH)
|
| Bottom of the 2nd over - 0 runs, 0 hits, 0 errors, 0 left on base; Victoria 1 - Joplin 0 |
| TOP OF THE 3RD |
|
Victoria Capitals batting - Pitching for Joplin Blasters : RHP Mike Valdez
|
|
Batting: RHB Chris Skaff
|
0-0: SINGLE (Groundball, 34D, EV 95.0 MPH)
|
|
Batting: LHB Chris Jackson
|
0-0: Foul Ball, location: 2F 0-1: Ball 1-1: Ball 2-1: Ball 3-1: Base on Balls Chris Skaff to second
|
|
Batting: RHB Jose Zuniga
|
0-0: Called Strike 0-1: Foul Ball, location: 2F 0-2: Ball 1-2: Ball 2-2: Strikes out swinging
|
|
Batting: LHB William Gonzales
|
0-0: Called Strike 0-1: Ball Passed Ball! Chris Skaff to third Chris Jackson to second 1-1: Ball 2-1: Foul Ball, location: 2F 2-2: Strikes out swinging
|
|
Batting: RHB Ricky Ramirez
|
0-0: Ball 1-0: Called Strike 1-1: Swinging Strike 1-2: Strikes out swinging
|
| Top of the 3rd over - 0 runs, 1 hit, 0 errors, 2 left on base; Victoria 1 - Joplin 0 |
| BOTTOM OF THE 3RD |
|
Joplin Blasters batting - Pitching for Victoria Capitals : RHP Terry Jeffrey
|
|
Batting: RHB Ben Mills
|
0-0: Ball 1-0: Swinging Strike 1-1: Ground out U3 (Groundball, 3L, EV 105.6 MPH)
|
|
Batting: RHB Bobby Leon
|
0-0: Ground out 5-3 (Groundball, 56, EV 103.8 MPH)
|
|
Batting: RHB Carlos Castillo
|
0-0: Called Strike 0-1: Called Strike 0-2: Ball 1-2: Ball 2-2: Ball 3-2: Ground out 4-3 (Groundball, 34, EV 101.9 MPH)
|
| Bottom of the 3rd over - 0 runs, 0 hits, 0 errors, 0 left on base; Victoria 1 - Joplin 0 |
| TOP OF THE 4TH |
|
Victoria Capitals batting - Pitching for Joplin Blasters : RHP Mike Valdez
|
|
Batting: RHB Eddie Luna
|
0-0: Foul Ball, location: 2F 0-1: SINGLE (Groundball, 56D, EV 105.0 MPH)
|
|
Batting: RHB Ziven Badersky
|
0-0: Foul Ball, location: 2F 0-1: Ball 1-1: Called Strike Eddie Luna steals 2nd base 1-2: Ball 2-2: Ball 3-2: Base on Balls
|
|
Batting: SHB Raghnall Ahearne
|
0-0: Ball 1-0: Called Strike 1-1: Swinging Strike 1-2: Strikes out swinging
|
|
Batting: RHB Victor Ramirez
|
0-0: Foul Ball, location: 2F 0-1: Ball 1-1: Called Strike 1-2: Strikes out swinging
|
|
Batting: RHB Chris Skaff
|
0-0: Ball 1-0: Ball 2-0: Ball 3-0: Called Strike 3-1: Foul Ball, location: 2F 3-2: Foul Ball, location: 2F 3-2: Strikes out swinging
|
| Top of the 4th over - 0 runs, 1 hit, 0 errors, 2 left on base; Victoria 1 - Joplin 0 |
| BOTTOM OF THE 4TH |
|
Joplin Blasters batting - Pitching for Victoria Capitals : RHP Terry Jeffrey
|
|
Batting: RHB Kazuki Arai
|
0-0: Ball 1-0: Called Strike 1-1: Ball 2-1: Swinging Strike 2-2: Ball 3-2: Base on Balls
|
|
Batting: RHB Mike Bearden
|
0-0: Ball Kazuki Arai steals 2nd, throwing error, E2 Kazuki Arai to third 1-0: Called Strike 1-1: Ball 2-1: Ball 3-1: Base on Balls
|
|
Batting: LHB Jim Haggart
|
0-0: Called Strike 0-1: Ball 1-1: Ball 2-1: Ball 3-1: Base on Balls Mike Bearden to second
|
|
Batting: RHB Paul Gibbens
|
0-0: Ball 1-0: Swinging Strike 1-1: Ground out 4-3 (Groundball, 4S, EV 63.8 MPH) Kazuki Arai scores Mike Bearden to third Jim Haggart to second
|
|
Batting: RHB Jerry Yusko
|
0-0: Ground out 5-3 (Groundball, 56S, EV 82.5 MPH) Mike Bearden scores
|
|
Batting: RHB Oscar Cisneros
|
0-0: Ball 1-0: Ground out 1-3 (Groundball, 13S, EV 72.5 MPH)
|
| Bottom of the 4th over - 2 runs, 0 hits, 1 error, 1 left on base; Victoria 1 - Joplin 2 |
| TOP OF THE 5TH |
|
Victoria Capitals batting - Pitching for Joplin Blasters : RHP Mike Valdez
|
|
Batting: LHB Chris Jackson
|
0-0: Ground out U3 (Groundball, 34S, EV 88.1 MPH)
|
|
Batting: RHB Jose Zuniga
|
0-0: Swinging Strike 0-1: Swinging Strike 0-2: Foul Ball, location: 2F 0-2: Foul Ball, location: 2F 0-2: Ball 1-2: Strikes out swinging
|
|
Batting: LHB William Gonzales
|
0-0: Ball 1-0: SINGLE (Groundball, 4M, EV 85.0 MPH) (infield hit)
|
|
Batting: RHB Ricky Ramirez
|
0-0: Called Strike 0-1: Swinging Strike 0-2: Ball 1-2: Ball 2-2: Foul Ball, location: 2F 2-2: Foul Ball, location: 2F 2-2: Foul Ball, location: 2F 2-2: Ball 3-2: Base on Balls William Gonzales to second
|
|
Pitching: LHP Tristan Irwin
|
|
|
Batting: RHB Eddie Luna
|
0-0: Ball 1-0: Ball Passed Ball! William Gonzales to third Ricky Ramirez to second 2-0: Called Strike 2-1: DOUBLE (Flyball, 89XD, EV 113.8 MPH) William Gonzales scores Ricky Ramirez scores
|
|
Batting: RHB Ziven Badersky
|
0-0: Ball 1-0: Ground out U3 (Groundball, 3S, EV 69.4 MPH)
|
| Top of the 5th over - 2 runs, 2 hits, 0 errors, 1 left on base; Victoria 3 - Joplin 2 |
| BOTTOM OF THE 5TH |
|
Joplin Blasters batting - Pitching for Victoria Capitals : RHP Terry Jeffrey
|
|
Batting: RHB Ben Mills
|
0-0: Called Strike 0-1: Swinging Strike 0-2: Strikes out swinging
|
|
Batting: RHB Bobby Leon
|
0-0: Ball 1-0: Called Strike 1-1: Swinging Strike 1-2: Strikes out swinging
|
|
Batting: RHB Carlos Castillo
|
0-0: Ball 1-0: Called Strike 1-1: Swinging Strike 1-2: Strikes out swinging
|
| Bottom of the 5th over - 0 runs, 0 hits, 0 errors, 0 left on base; Victoria 3 - Joplin 2 |
| TOP OF THE 6TH |
|
Victoria Capitals batting - Pitching for Joplin Blasters : LHP Tristan Irwin
|
|
Batting: SHB Raghnall Ahearne
|
0-0: Ball 1-0: Called Strike 1-1: Foul Ball, location: 2F 1-2: Ball 2-2: Ball 3-2: Foul Ball, location: 2F 3-2: Foul Ball, location: 2F 3-2: Base on Balls
|
|
Batting: RHB Victor Ramirez
|
0-0: Called Strike 0-1: Called Strike 0-2: Ball Raghnall Ahearne is caught stealing 2nd base 2-4 1-2: Strikes out swinging
|
|
Batting: RHB Chris Skaff
|
0-0: Ball 1-0: SINGLE (Groundball, 34D, EV 97.5 MPH)
|
|
Batting: LHB Chris Jackson
|
0-0: Ball 1-0: Called Strike Chris Skaff is caught stealing 2nd base 2-6
|
| Top of the 6th over - 0 runs, 1 hit, 0 errors, 0 left on base; Victoria 3 - Joplin 2 |
| BOTTOM OF THE 6TH |
|
Joplin Blasters batting - Pitching for Victoria Capitals : RHP Terry Jeffrey
|
|
Batting: RHB Kazuki Arai
|
0-0: Ball 1-0: Foul Ball, location: 2F 1-1: Ball 2-1: Ball 3-1: Base on Balls
|
|
Batting: RHB Mike Bearden
|
0-0: Fly out, F9 (Flyball, 89S, EV 81.2 MPH)
|
|
Batting: LHB Jim Haggart
|
0-0: Foul Ball, location: 2F 0-1: Swinging Strike 0-2: SINGLE (Flyball, 5D, EV 92.5 MPH) Kazuki Arai to second
|
|
Batting: RHB Paul Gibbens
|
0-0: Swinging Strike 0-1: Ball 1-1: Ball 2-1: Ball 3-1: Base on Balls Kazuki Arai to third Jim Haggart to second
|
|
Pitching: RHP Frank Kats
|
|
|
Batting: RHB Jerry Yusko
|
0-0: Ball 1-0: Swinging Strike 1-1: Fly out, F8 (Flyball, 8RD, EV 105.6 MPH) Runner from 3rd tags up, SCORES, throw by CF Jim Haggart to third
|
|
Batting: RHB Oscar Cisneros
|
0-0: Called Strike 0-1: Ball 1-1: Called Strike 1-2: Foul Ball, location: 2F 1-2: Strikes out swinging
|
| Bottom of the 6th over - 1 run, 1 hit, 0 errors, 2 left on base; Victoria 3 - Joplin 3 |
| TOP OF THE 7TH |
|
Victoria Capitals batting - Pitching for Joplin Blasters : LHP Tristan Irwin
|
|
Batting: LHB Chris Jackson
|
0-0: DOUBLE (Groundball, 3L, EV 103.1 MPH)
|
|
Batting: RHB Jose Zuniga
|
0-0: Intentional Walk
|
|
Batting: LHB William Gonzales
|
0-0: Ball 1-0: Ball 2-0: Ball 3-0: Base on Balls Chris Jackson to third Jose Zuniga to second
|
|
Batting: RHB Ricky Ramirez
|
0-0: Fly out, F9 (Line Drive, 9, EV 89.4 MPH) Runner from 3rd tags up, SCORES, throw by RF Jose Zuniga to third
|
|
Batting: RHB Eddie Luna
|
0-0: SINGLE (Groundball, 4MD, EV 95.0 MPH) Jose Zuniga scores William Gonzales to second
|
|
Batting: RHB Ziven Badersky
|
0-0: Ball Wild Pitch! William Gonzales to third Eddie Luna to second 1-0: Fly out, F8 (Flyball, 8LS, EV 88.1 MPH)
|
|
Batting: SHB Raghnall Ahearne
|
0-0: Ball 1-0: Ball Passed Ball! William Gonzales scores Eddie Luna to third 2-0: Ball 3-0: Base on Balls
|
|
Pitching: RHP Joey Ferguson
|
|
|
Batting: RHB Victor Ramirez
|
0-0: Foul Ball, location: 2F 0-1: Fielders Choice at 2nd, 6-4 (Groundball, 6, EV 83.8 MPH)
|
| Top of the 7th over - 3 runs, 2 hits, 0 errors, 2 left on base; Victoria 6 - Joplin 3 |
| BOTTOM OF THE 7TH |
|
Joplin Blasters batting - Pitching for Victoria Capitals : RHP Frank Kats
|
|
Now at 3B: Jason Kinney
|
|
|
Batting: RHB Ben Mills
|
0-0: Swinging Strike 0-1: Ball 1-1: Called Strike 1-2: Strikes out swinging
|
|
Batting: RHB Bobby Leon
|
0-0: Ball 1-0: Ground out 6-3 (Groundball, 56, EV 85.6 MPH)
|
|
Batting: RHB Carlos Castillo
|
0-0: Ball 1-0: Foul Ball, location: 2F 1-1: SINGLE (Line Drive, 9S, EV 102.5 MPH)
|
|
Batting: RHB Kazuki Arai
|
0-0: Ball 1-0: Ball 2-0: Swinging Strike 2-1: Foul Ball, location: 2F 2-2: Ball 3-2: Base on Balls Carlos Castillo to second
|
|
Batting: RHB Mike Bearden
|
0-0: Swinging Strike 0-1: Called Strike 0-2: Foul Ball, location: 2F 0-2: Fly out, F9 (Line Drive, 9, EV 91.9 MPH)
|
| Bottom of the 7th over - 0 runs, 1 hit, 0 errors, 2 left on base; Victoria 6 - Joplin 3 |
| TOP OF THE 8TH |
|
Victoria Capitals batting - Pitching for Joplin Blasters : RHP Joey Ferguson
|
|
Batting: RHB Chris Skaff
|
0-0: Called Strike 0-1: Swinging Strike 0-2: Ball 1-2: Foul Ball, location: 2F 1-2: Ball 2-2: Ball 3-2: Base on Balls
|
|
Batting: LHB Chris Jackson
|
0-0: Ball 1-0: Foul Ball, location: 2F 1-1: DOUBLE (Groundball, 5L, EV 103.8 MPH) Chris Skaff to third
|
|
Batting: RHB Jose Zuniga
|
0-0: Swinging Strike Passed Ball! Chris Skaff scores Chris Jackson to third 0-1: Ball 1-1: Ball 2-1: Ball 3-1: Base on Balls
|
|
Batting: LHB William Gonzales
|
0-0: Ball 1-0: Called Strike 1-1: Ball 2-1: Ball 3-1: Base on Balls Jose Zuniga to second
|
|
Batting: LHB Jason Kinney
|
0-0: Swinging Strike 0-1: Foul Ball, location: 2F 0-2: Ball 1-2: Ball 2-2: Strikes out swinging
|
|
Batting: RHB Eddie Luna
|
0-0: Ball 1-0: Ball 2-0: Called Strike 2-1: Ball 3-1: Base on Balls Chris Jackson scores Jose Zuniga to third William Gonzales to second
|
|
Batting: RHB Ziven Badersky
|
0-0: Ball 1-0: Ball Wild Pitch! Jose Zuniga scores William Gonzales to third Eddie Luna to second 2-0: Ball 3-0: Called Strike 3-1: Swinging Strike 3-2: Strikes out swinging
|
|
Batting: SHB Raghnall Ahearne
|
0-0: Hit by Pitch
|
|
Batting: RHB Victor Ramirez
|
0-0: Ball 1-0: Called Strike 1-1: DOUBLE (Line Drive, 3D, EV 103.8 MPH) William Gonzales scores Eddie Luna scores Raghnall Ahearne to third Runner from 3rd tries for Home, throw by RF and OUT! 9-4-2
|
| Top of the 8th over - 5 runs, 2 hits, 0 errors, 1 left on base; Victoria 11 - Joplin 3 |
| BOTTOM OF THE 8TH |
|
Joplin Blasters batting - Pitching for Victoria Capitals : RHP Frank Kats
|
|
Batting: LHB Jim Haggart
|
0-0: Ball 1-0: SINGLE (Line Drive, 8RS, EV 103.1 MPH)
|
|
Batting: RHB Paul Gibbens
|
0-0: Ball 1-0: Called Strike 1-1: Called Strike 1-2: Ball 2-2: Strikes out swinging
|
|
Batting: RHB Jerry Yusko
|
0-0: Ball 1-0: Ball 2-0: Foul Ball, location: 2F 2-1: Swinging Strike 2-2: Strikes out swinging
|
|
Batting: RHB Oscar Cisneros
|
0-0: Foul Ball, location: 2F 0-1: Called Strike 0-2: Foul Ball, location: 2F 0-2: Ball 1-2: Ball 2-2: Strikes out swinging
|
| Bottom of the 8th over - 0 runs, 1 hit, 0 errors, 1 left on base; Victoria 11 - Joplin 3 |
| TOP OF THE 9TH |
|
Victoria Capitals batting - Pitching for Joplin Blasters : RHP Joey Ferguson
|
|
Pitching: LHP Bin Ya
|
|
|
Batting: RHB Chris Skaff
|
0-0: Ball 1-0: Ball 2-0: Swinging Strike 2-1: Fly out, F9 (Flyball, 9, EV 76.9 MPH)
|
|
Batting: LHB Chris Jackson
|
0-0: Fly out, F7 (Flyball, 7D, EV 102.5 MPH)
|
|
Batting: RHB Jose Zuniga
|
0-0: Called Strike 0-1: Foul Ball, location: 2F 0-2: Ball 1-2: Ball 2-2: Ball 3-2: Foul Ball, location: 2F 3-2: Base on Balls
|
|
Batting: LHB William Gonzales
|
0-0: Ball 1-0: Called Strike 1-1: Ball 2-1: Called Strike 2-2: Fly out, F6 (Popup, 6S, EV 68.1 MPH)
|
| Top of the 9th over - 0 runs, 0 hits, 0 errors, 1 left on base; Victoria 11 - Joplin 3 |
| BOTTOM OF THE 9TH |
|
Joplin Blasters batting - Pitching for Victoria Capitals : RHP Frank Kats
|
|
Batting: RHB Ben Mills
|
0-0: Called Strike 0-1: Swinging Strike 0-2: Ball 1-2: Fly out, F7 (Flyball, 78D, EV 100.6 MPH)
|
|
Batting: RHB Bobby Leon
|
0-0: Ball 1-0: Called Strike 1-1: Ball 2-1: Fly out, F9 (Flyball, 9S, EV 73.8 MPH)
|
|
Batting: RHB Carlos Castillo
|
0-0: Ball 1-0: Called Strike 1-1: Swinging Strike 1-2: Foul Ball, location: 2F 1-2: Ball 2-2: Foul Ball, location: 2F 2-2: Strikes out swinging
|
| Bottom of the 9th over - 0 runs, 0 hits, 0 errors, 0 left on base; Victoria 11 - Joplin 3 |
|